Workbook

Sheet CHECK DM 17-3-2020
A1: SPESA DEL PERSONALE ESERCIZIO 2024 (A) | B1: ='2024'!I21 -> 362781.48
A2: ENTRATE CORRENTI 2022 | B2: ='2022'!E5 -> 2335348.7
A3: ENTRATE CORRENTI 2023 | B3: ='2023'!D5 -> 2432024.7
A4: ENTRATE CORRENTI 2024 | B4: ='2024'!C5 -> 2533109.6
A5: MEDIA ENTRATE CORRENTI 2022-2024 (B) | B5: =(B2+B3+B4)/3 -> 2433494.3
A6: Fondo Crediti di Dubbia Esigibilità risultante dal bilancio preventivo assestato anno 2024 (C) | B6: 41529.86
A7: D= B-C | B7: =B5-B6 -> 2391964.5
A8: E=A/D | B8: =B1/B7 -> 0.15166675
A9: VALORE SOGLIA ART 4, TAB.1, LETTERA A DECRETO 17-03-2020 | B9: =28.6% -> 0.286
A10: VALORE MASSIMO SPESA PERSONALE 2026 NEL RISPETTO SOGLIA ART 4, TAB.1, LETTERA A DECRETO 17-03-2020 | B10: =B7*B9 -> 684101.84
A11: RISPETTO VALORE SOGLIA ART 4, TAB.1, LETTERA A DECRETO 17-03-2020 | B11: =IF(B12<B10,"OK","NO") -> OK
A12: SPESA DEL PERSONALE ESERCIZIO 2026 | B12: ='2026'!G14 -> 353747.84
A13: facolta assunzionali residue 2026 | B13: =B10-B12 -> 330354

Sheet 2022
A1: ENTRATE CORRENTI 2022
A2: TITOLO I | E2: 1571355.3
A3: TITOLO 2 | E3: 83635.26
A4: TITOLO 3 | E4: 680358.15
E5: =SUM(E2:E4) -> 2335348.7
A8: SPESA DEL PERSONALE PER L'ESERCIZIO 2022
A9: DIPENDENTE | B9: CATEGORIA | C9: COMPETENZE | D9: ONERI RIFLESSI C/ENTE (al netto irap) | E9: TOTALE
B10: D6 | C10: 4652.26 | D10: =1530.68-395.52 -> 1135.16 | E10: =C10+D10 -> 5787.42
B11: C1 | C11: 26239.39 | D11: =9700.76-2246.16 -> 7454.6 | E11: =C11+D11 -> 33693.99
B12: C3 | C12: 27925.02 | D12: =9400.47-2159.38 -> 7241.09 | E12: =C12+D12 -> 35166.11
B13: D3 | C13: 35936.64 | D13: =11480.94-2794.7 -> 8686.24 | E13: =C13+D13 -> 44622.88
B14: B7 | C14: 21819.34 | D14: =6814.68-1792.08 -> 5022.6 | E14: =C14+D14 -> 26841.94
B15: 557 FUORI ORARIO | C15: 2162.12 | D15: =851.06- 187.19 -> 663.87 | E15: =C15+D15 -> 2825.99
B16: SEGRETARIO | C16: 12499.68 | D16: =4037.76-1062.84 -> 2974.92 | E16: =C16+D16 -> 15474.6
B17: C2 | C17: 1517.48 | D17: =504.23-129.38 -> 374.85 | E17: =C17+D17 -> 1892.33
B18: D3 | C18: 32088.82 | D18: =11160.97-2710.55 -> 8450.42 | E18: =C18+D18 -> 40539.24
B19: D3 | C19: 33674.69 | D19: =11724.39-2845.42 -> 8878.97 | E19: =C19+D19 -> 42553.66
B20: D1 | C20: =(40384.87*66.67%) -> 26924.593 | D20: =(14965.46-3385.45)*66.67% -> 7720.3927 | E20: =C20+D20 -> 34644.985
B21: D1 | C21: 14189.25 | D21: =5224.64-1186.28 -> 4038.36 | E21: =C21+D21 -> 18227.61
B22: B2 | C22: 22044.48 | D22: =8128.63-1884 -> 6244.63 | E22: =C22+D22 -> 28289.11
C23: =SUM(C10:C22) -> 261673.76 | D23: =SUM(D10:D22) -> 68886.103 | E23: =SUM(E10:E22) -> 330559.87

Sheet 2023
A1: ENTRATE CORRENTI 2023
A2: TITOLO I | D2: =1603272.56 -> 1603272.6
A3: TITOLO 2 | D3: =142572.25 -> 142572.25
A4: TITOLO 3 | D4: 686179.85
D5: =SUM(D2:D4) -> 2432024.7
A8: SPESA DEL PERSONALE ESERCIZIO 2023
A9: DIPENDENTE | B9: CATEGORIA | C9: COMPETENZE | D9: ONERI RIFLESSI C/ENTE (al netto irap) | E9: TOTALE
B10: C1 | C10: 23899.75 | D10: =8955.46-2057.45 -> 6898.01 | E10: =SUM(C10:D10) -> 30797.76
B11: C3 | C11: 27921.26 | D11: =9397.57-2159.09 -> 7238.48 | E11: =SUM(C11:D11) -> 35159.74
B12: D3 | C12: 31660.46 | D12: =10517.37- 2548.71 -> 7968.66 | E12: =SUM(C12:D12) -> 39629.12
B13: SEGRETARIO | C13: =1041.64*4 -> 4166.56 | D13: =(336.48*4)-(8.57*4) -> 1311.64 | E13: =SUM(C13:D13) -> 5478.2
B14: SEGRETARIO | C14: =( 49996.98-C13)*(10/36) -> 12730.672 | D14: =(17406.26-4238.02-D13)*(10/36) -> 3293.5 | E14: =SUM(C14:D14) -> 16024.172
B15: D3 | C15: =29944.94 -> 29944.94 | D15: =10511.54-2545.57 -> 7965.97 | E15: =SUM(C15:D15) -> 37910.91
B16: D3 | C16: 31188.07 | D16: =10955.31- 2650.83 -> 8304.48 | E16: =SUM(C16:D16) -> 39492.55
B17: D1 | C17: =(33578.58*(24/36)) -> 22385.72 | D17: =( 12568.97-2850.92)*(24/36) -> 6478.7 | E17: =SUM(C17:D17) -> 28864.42
B18: D1 | C18: 32904.38 | D18: =12568.97-2850.92 -> 9718.05 | E18: =SUM(C18:D18) -> 42622.43
B19: SOMMINISTRAZIONE LAVORO | C19: 10104.93 | D19: 0 | E19: =SUM(C19:D19) -> 10104.93
C20: =SUM(C10:C19) -> 226906.74 | D20: =SUM(D10:D19) -> 59177.49 | E20: =SUM(E10:E19) -> 286084.23
F23: =E20+24361.91 -> 310446.14

Sheet 2024
A1: ENTRATE CORRENTI 2024
A2: TITOLO I | C2: 1463074
A3: TITOLO 2 | C3: 476487.03
A4: TITOLO 3 | C4: 593548.63
C5: =SUM(C2:C4) -> 2533109.6
A8: SPESA DEL PERSONALE ESERCIZIO 2024
A9: DIPENDENTE | B9: COMPETENZE | C9: ONERI RIFLESSI C/ENTE (al netto irap) | D9: TOTALE | E9: ARRETRATI COMPETENZE | F9: ONERI RIFLESSI C/ENTE ARRETRATI (al netto irap) | G9: COMPETENZE AL NETTO ARRETRATI | H9: ONERI RIFLESSI C/ENTE (al netto irap e arretrati) | I9: TOTALE
B10: 32221.67 | C10: =11727.5-2127.62 -> 9599.88 | D10: =SUM(B10:C10) -> 41821.55 | E10: 7639.55 | F10: =1270.19-649.41 -> 620.78 | G10: =B10-E10 -> 24582.12 | H10: =C10-F10 -> 8979.1 | I10: =SUM(G10:H10) -> 33561.22
B11: 23773.47 | C11: =8578.33-1966.47 -> 6611.86 | D11: =SUM(B11:C11) -> 30385.33 | G11: =B11-E11 -> 23773.47 | H11: =C11-F11 -> 6611.86 | I11: =SUM(G11:H11) -> 30385.33
B12: 33467.03 | C12: =11259.41-2283.53 -> 8975.88 | D12: =SUM(B12:C12) -> 42442.91 | E12: 4058.38 | F12: =417.87-345.02 -> 72.85 | G12: =B12-E12 -> 29408.65 | H12: =C12-F12 -> 8903.03 | I12: =SUM(G12:H12) -> 38311.68
B13: 42977.56 | C13: =13855.27-2834.86 -> 11020.41 | D13: =SUM(B13:C13) -> 53997.97 | E13: 6739.56 | F13: =1055.99-572.91 -> 483.08 | G13: =B13-E13 -> 36238 | H13: =C13-F13 -> 10537.33 | I13: =SUM(G13:H13) -> 46775.33
B14: =75709.3*27.79% -> 21039.614 | C14: =(26569.22- 6297.57)*27.79% -> 5633.4915 | D14: =SUM(B14:C14) -> 26673.106 | E14: =1621.33*27.79% -> 450.56761 | F14: =(385.87+46.18-137.79)*27.79% -> 81.774854 | G14: =B14-E14 -> 20589.047 | H14: =C14-F14 -> 5551.7167 | I14: =SUM(G14:H14) -> 26140.764
B15: 38822.04 | C15: =13450.76-2727.16 -> 10723.6 | D15: =SUM(B15:C15) -> 49545.64 | E15: 6739.57 | F15: =1056-572.91 -> 483.09 | G15: =B15-E15 -> 32082.47 | H15: =C15-F15 -> 10240.51 | I15: =SUM(G15:H15) -> 42322.98
B16: 40059.42 | C16: =13841.76-2768.94 -> 11072.82 | D16: =SUM(B16:C16) -> 51132.24 | E16: 7483.42 | F16: =1233.03-636.16 -> 596.87 | G16: =B16-E16 -> 32576 | H16: =C16-F16 -> 10475.95 | I16: =SUM(G16:H16) -> 43051.95
B17: =36334.52*66.67% -> 24224.224 | C17: =( 13508.37-2918.37)*66.67% -> 7060.353 | D17: =SUM(B17:C17) -> 31284.577 | E17: =1913.43*66.67% -> 1275.6838 | F17: =(282.42-162.7)*66.67% -> 79.817324 | G17: =B17-E17 -> 22948.541 | H17: =C17-F17 -> 6980.5357 | I17: =SUM(G17:H17) -> 29929.076
B18: 35089.8 | C18: =13383.04-2930.44 -> 10452.6 | D18: =SUM(B18:C18) -> 45542.4 | E18: 1282.57 | F18: =752.06-109.06 -> 643 | G18: =B18-E18 -> 33807.23 | H18: =C18-F18 -> 9809.6 | I18: =SUM(G18:H18) -> 43616.83
B19: 16700.65 | D19: =SUM(B19:C19) -> 16700.65 | G19: =B19-E19 -> 16700.65 | H19: =C19-F19 -> 0 | I19: =SUM(G19:H19) -> 16700.65
B20: 9281.08 | C20: =3509.14-804.55 -> 2704.59 | D20: =SUM(B20:C20) -> 11985.67 | G20: =B20-E20 -> 9281.08 | H20: =C20-F20 -> 2704.59 | I20: =SUM(G20:H20) -> 11985.67
B21: =SUM(B10:B20) -> 317656.56 | C21: =SUM(C10:C20) -> 83855.485 | D21: =SUM(D10:D20) -> 401512.04 | E21: =SUM(E11:E20) -> 28029.751 | F21: =SUM(F10:F20) -> 3061.2622 | G21: =SUM(G10:G20) -> 281987.26 | H21: =SUM(H10:H20) -> 80794.222 | I21: =SUM(I10:I20) -> 362781.48

Sheet 2026
A1: RETRIBUZIONE LORDA 2026 | B1: ONERI C/ENTE 2026 | C1: ONERI IRAP C/ENTE 2026 | D1: indennita po 2026 | E1: indennità risultato 2025 | F1: salario accesorio | G1: totale
A2: 25429.858 | B2: 6611.763 | C2: 2161.5379 | D2: 0 | E2: =1500*1.235 -> 1852.5 | F2: =9000*1.238 -> 11142 | G2: =A13+B13+D13+E2+F2 -> 353747.84
A3: 26811.628 | B3: 6971.0232 | C3: 2278.9883 | D3: 0
A4: 24895.038 | B4: 6472.7098 | C4: 2116.0782 | D4: 0
A5: 31849.174 | B5: 8280.7852 | C5: 2707.1798 | D5: 0
A6: 8320.3058 | B6: 2163.2795 | C6: 707.226 | D6: =(618.17/2)*4 -> 1236.34
A7: 31849.174 | B7: 8280.7852 | C7: 2707.1798 | D7: 0
A8: =28227.89398*66.67% -> 18819.537 | B8: =A8*23.8% -> 4479.0498 | C8: =A8*8.5% -> 1599.6606 | D8: =8036.21*66.67% -> 5357.7412
A9: 23256.755 | B9: 6046.7564 | C9: 1976.8242 | D9: 0
A10: 31849.174 | B10: 8280.7852 | C10: 2707.1798 | D10: 0
A11: =72301.84*27.78% -> 20085.451 | B11: =A11*23.8% -> 4780.3374 | C11: =A11*8.5% -> 1707.2633 | D11: 0
A12: 22718.96 | B12: 5906.9296 | C12: 1931.1116 | D12: 0
A13: =SUM(A2:A12) -> 265885.05 | B13: =SUM(B2:B12) -> 68274.204 | C13: =SUM(C2:C12) -> 22600.23 | D13: =SUM(D2:D12) -> 6594.0812
G14: =G2 -> 353747.84

Sheet CHECK 557 296-06
A1: Media 2011-2013 | B1: =379443 -> 379443
A2: SPESE DI PERSONALE PREVISTE 2026+irap c/ente | B2: ='2026'!G14+'2026'!C13 -> 376348.07
A3: VERIFICA RISPETTO LIMITE ART dell’art 1 comma 557 quater della legge 296/06 | B3: =IF(B2<B1,"OK","NO") -> OK
